AoeStats
← MP

Black Forest

510375773Analyzed
2v2 RM · 1d ago on Sep 30, 2026· 37m 2s· 4 players
Game mode
Random Map
Map size
Medium (4 player)
Population
200
Speed
Normal
Resources
Standard
Victory
Conquest
Starting age
Dark Age
Ending age
Imperial Age
RankedLock teamsTeams togetherTeam positionsShared explorationLock speedFull tech treeHidden civsTurbo modeCheats
Victory
Defeat
🇧🇷 Turks · Brazil
940
+15
🇧🇴 Lithuanians · Bolivia
893
+18
🇹🇷 Inca · Türkiye
936
-17
🇧🇪 Italians · Belgium
914
-16
Edcastillo
0:28 Loom
10:47 Feudal Age
11:30 Double-Bit Axe
11:28 Horse Collar
18:19 Castle Age
16:40 Stone Mining
17:41 Gold Mining
21:05 Bow Saw
24:24 Forging
24:15 Scale Mail Armor
24:12 Pikeman
29:10 Wheelbarrow
30:17 Iron Casting
29:58 Chain Mail Armor
29:49 Scale Barding Armor
30:28 Hand Cart
34:19 Imperial Age
35:28 Chain Barding Armor
MP
0:27 Loom
14:53 Feudal Age
16:20 Wheelbarrow
15:35 Double-Bit Axe
19:07 Castle Age
17:37 Stone Mining
17:35 Horse Collar
17:50 Gold Mining
21:47 Hand Cart
29:20 Imperial Age
29:21 Gold Shaft Mining
30:18 Artillery
35:18 Caravan
35:38 Elite Janissary
Zarathustra
0:31 Loom
11:45 Feudal Age
17:47 Castle Age
16:23 Double-Bit Axe
16:51 Horse Collar
17:27 Gold Mining
27:05 Imperial Age
25:30 Padded Archer Armor
27:30 Leather Archer Armor
28:57 Chemistry
29:26 Conscription
32:21 Ring Archer Armor
Expecto Patronum
14:39 Feudal Age
15:31 Champi Runner
22:06 Wheelbarrow
21:23 Double-Bit Axe
21:20 Horse Collar
21:30 Gold Mining
21:31 Stone Mining
22:35 Forging
22:27 Scale Mail Armor
24:39 Fletching
29:21 Castle Age
Connection lost

Rejoining the realm…

Still unreachable

The connection could not be restored.

Session expired

The server has moved on; the page needs a fresh start.